 Dungeon Crawl Stone Soup version 0.29-a0-914-g906f1d757c (webtiles) character file.

Game seed: 9499032762968564785

504 Destapler the Trooper (level 6, -3/63 HPs)
             Began as a Troll Gladiator on July 26, 2022.
             Was an Initiate of Gozag.
             Succumbed to Eustachio's poison
             ... on level 4 of the Dungeon.
             The game lasted 00:12:08 (3257 turns).

Destapler the Trooper (Troll Gladiator)             Turns: 3257, Time: 00:12:09

Health: -3/63      AC:  7    Str: 25    XL:     6   Next: 96%
Magic:  5/5        EV: 14    Int: 10    God:    Gozag
Gold:   514        SH:  0    Dex: 11    Spells: 5/5 levels left

rFire   . . .      SeeInvis .   a - +0 dagger (elec)
rCold   . . .      Faith    .   (no shield)
rNeg    . . .      Spirit   .   x - +0 robe
rPois   .          Reflect  .   c - +1 hat
rElec   .          Harm     .   w - +1 cloak {Will+}
rCorr   .          Rampage  .   (gloves unavailable)
Will    +....                   (boots unavailable)
Stlth   +.........              (no amulet)
HPRegen 1.00/turn               B - +4 ring of evasion
MPRegen 0.09/turn               C - +6 ring of intelligence

@: lethally poisoned (-3 -> -18)
A: large, unfitting armour, claws 3, regeneration 1, shaggy fur 1, tough skin 1
a: Renounce Religion, Potion Petition, Call Merchant, Bribe Branch


You were on level 4 of the Dungeon.
You worshipped Gozag.
Gozag was pleased with you.
You visited 1 branch of the dungeon, and saw 5 of its levels.
You also visited: Sewer.

You collected 514 gold pieces.

Inventory:

Hand Weapons
 a - a +0 dagger of electrocution (weapon)
 b - a +2 hammer of holy wrath
 h - a +2 dagger of draining
 l - a +0 flail
Missiles
 d - 3 throwing nets
 e - a large rock (quivered)
 y - 19 stones
Armour
 c - a +1 hat (worn)
 w - a +1 cloak of willpower (worn)
 x - a +0 robe (worn)
Jewellery
 B - a +4 ring of evasion (left claw)
 C - a +6 ring of intelligence (right claw)
Scrolls
 g - 5 scrolls of immolation
 i - 3 scrolls of identify
 o - 2 scrolls of teleportation
 q - a scroll of fog {unknown}
 r - a scroll of enchant armour
 t - a scroll of magic mapping {unknown}
 u - 2 scrolls of blinking {unknown}
 A - a scroll of enchant weapon {unknown}
Potions
 j - a potion of lignification {unknown}
 k - 2 potions of degeneration {unknown}
 m - 3 potions of flight {unknown}
 n - 2 potions of ambrosia {unknown}
 p - 2 potions of haste
 s - a potion of invisibility {unknown}
 v - 2 potions of might {unknown}
 z - a potion of mutation {unknown}


   Skills:
 + Level 4.4 Fighting
 + Level 1.3 Short Blades
 + Level 3.4 Maces & Flails
 + Level 3.4 Throwing
 - Level 1.0 Armour
 - Level 3.0 Dodging


You had 5 spell levels left.
You didn't know any spells.
Your spell library contained the following spells:

 Spells                   Type           Power      Damage    Failure   Level
 Blink                    Tloc           0%         N/A       50%         2
 Sublimation of Blood     Necr           0%         N/A       50%         2
 Wereblood                Tmut           0%         N/A       50%         2
 Call Canine Familiar     Summ           0%         N/A       75%         3
 Portal Projectile        Hex/Tloc       0%         N/A       75%         3
 Leda's Liquefaction      Hex/Erth       0%         N/A       98%         4
 Manifold Assault         Tloc           0%         N/A       100%        5
 Summon Forest            Summ/Tloc      0%         N/A       100%        5
 Summon Mana Viper        Hex/Summ       0%         N/A       100%        5
 Summon Cactus Giant      Summ           0%         N/A       100%        6
 Storm Form               Tmut/Air       0%         N/A       100%        7
 Summon Hydra             Summ           0%         N/A       100%        7


Dungeon Overview and Level Annotations

Branches:
Dungeon (5/15)              Sewer (visited)
 Temple: D:4-7

Altars:
Gozag
Yredelemnul

Shops:
D:4 :

Annotations:
D:4 Eustachio


Innate Abilities, Weirdness & Mutations

You are too large for most types of armour.
You have claws for hands.
Your natural rate of healing is unusually fast.
You are covered in fur. (AC +1)
You have tough skin. (AC +1)


Message History

* * * LOW HITPOINT WARNING * * *
You feel very sick. The bat hits you.
* * * LOW HITPOINT WARNING * * *
The bat completely misses you. The quokka misses you.
Eustachio hits you with a +0 rapier of venom.
* * * LOW HITPOINT WARNING * * *
You are more poisoned.
You feel better. The bat hits you but does no damage. x2
The quokka barely misses you.
Eustachio hits you with a +0 rapier of venom.
* * * LOW HITPOINT WARNING * * *
You are poisoned.
Unknown command.
You feel better. The bat closely misses you.
The quokka bites you but does no damage.
The bat hits you but does no damage. Eustachio barely misses you.
You hit Eustachio but do no damage.
Eustachio is heavily wounded.
The bat barely misses you. The bat misses you.
The quokka bites you but does no damage.
The bat closely misses you. The bat misses you.
Eustachio hits you with a +0 rapier of venom.
* * * LOW HITPOINT WARNING * * *
You are poisoned.
You hit Eustachio but do no damage.
Eustachio is heavily wounded.
You feel very sick. The bat hits you.
* * * LOW HITPOINT WARNING * * *
The bat hits you but does no damage. The quokka barely misses you.
The quokka bites you.
* * * LOW HITPOINT WARNING * * *
Eustachio hits you with a +0 rapier of venom.
* * * LOW HITPOINT WARNING * * *
You are more poisoned.
You hit Eustachio but do no damage.
Eustachio is heavily wounded.
You die...
Your body crumbles into a pile of gold.

##### #...# #.r.# #@..#
#@b.# #.b.# #####
#...#### ####### #...##
#......#####......
##...###...####⌠.........
#.#...#.###..#..........
#.#.#..##....#...).#####
#8#....#.....##..###....


You could see Eustachio, a quokka (summoned) and 2 bats.

Vanquished Creatures
  A phantom (D:4)
  2 scorpions (D:4)
  Crazy Yiuf (D:4)
  An iguana (D:4)
  A scorpion zombie (D:4)
  3 gnolls (D:3)
  10 adders
  A river rat (Sewer)
  An adder zombie (D:4)
  2 worms
  3 dart slugs
  2 orcs (D:4)
  11 endoplasms
  7 giant cockroaches
  7 goblins
  10 hobgoblins
  2 quokkas (D:4)
  6 ball pythons
  4 bats
  10 frilled lizards
  4 kobolds
  10 rats
99 creatures vanquished.

Notes
Turn   | Place    | Note
-------+----------+-------------------------------------------
     0 | D:1      | Destapler the Troll Gladiator began the quest for the Orb.
     0 | D:1      | Reached XP level 1. HP: 19/19 MP: 0/0
    38 | D:1      | Reached XP level 2. HP: 28/28 MP: 1/1
   384 | D:1      | Reached skill level 1 in Armour
   390 | D:1      | Reached XP level 3. HP: 35/35 MP: 2/2
   569 | D:2      | Reached skill level 2 in Fighting
  1374 | D:3      | Reached XP level 4. HP: 42/42 MP: 3/3
  1615 | D:3      | Found a faded altar of an unknown god.
  1621 | D:3      | Prayed at the altar of an unknown god.
  1621 | D:3      | Became a worshipper of Gozag Ym Sagoz the Greedy
  1729 | D:3      | You fall into a shaft and drop 1 floor!
  1746 | D:4      | Noticed a phantom
  1879 | D:4      | Killed a phantom
  1880 | D:4      | Reached skill level 3 in Fighting
  1880 | D:4      | Reached XP level 5. HP: 32/53 MP: 4/4
  1982 | D:4      | Found a glowing drain.
  1991 | Sewer    | Entered a sewer
  2154 | Sewer    | Reached skill level 4 in Fighting
  2325 | Sewer    | Reached XP level 6. HP: 49/62 MP: 5/5
  2518 | D:4      | Found a runed translucent door.
  2518 | D:4      | Noticed Crazy Yiuf
  2533 | D:4      | Killed Crazy Yiuf
  2701 | D:4      | Found Kuggad's Book Emporium.
  2934 | D:4      | Found a basalt altar of Yredelemnul.
  3043 | D:4      | Reached skill level 1 in Short Blades
  3231 | D:5      | Entered Level 5 of the Dungeon
  3231 | D:5      | Noticed Eustachio
  3256 | D:4      | HP: 1/63 [Eustachio/+0 rapier of venom (6)]
  3257 | D:4      | Succumbed to Eustachio's poison

Illustrated notes

Levels and vault maps discovered:
D:1:      mrwooster_arrival_statue_3, layout_rooms, minmay_box_of_dots
D:2:      layout_basic, kennysheep_cross_bottleneck
D:3:      minmay_goblin_kobold_castle, layout_rooms, serial_aquarium,
          aquarium_bridge_straight [aquarium_subvault_bridge,
          aquarium_subvault_wall, aquarium_subvault_bridge,
          aquarium_subvault_wall], aquarium_bridge_island_small
          [aquarium_subvault_small_open, aquarium_subvault_wall,
          aquarium_subvault_bridge, aquarium_subvault_bridge,
          aquarium_subvault_bridge], aquarium_window_fake,
          aquarium_window_corner, aquarium_view_2d,
          shapermc_ecumenical_altar_hornbeckon
D:4:      kennysheep_spiral_hall, layout_rooms, lemuel_zombie_altar_yredelemnul,
          gup_sewer_entry_spiral, serial_shops, shop_statue,
          uniq_crazy_yiuf_cottage
D:5:      layout_loops_ring, serial_bayou_pond_e, uniq_eustachio

Skill      XL: |  1  2  3  4  5  6 |
---------------+-------------------+-----
Throwing       | 2 3 |  3.4
Armour         | 1 |  1.0
Maces & Flails | 3 |  3.4
Fighting       | 2 3 4 |  4.4
Dodging        | 3 |  3.0
Short Blades   | 1 |  1.3

Action                   |  1- 3 |  4- 6 || total
-------------------------+-------+-------++-------
Melee: Flail             |   100 |   145 ||   245
       Punch             |       |     3 ||     3
       Dagger            |       |   137 ||   137
Throw: Stone             |    19 |     1 ||    20
       Large rock        |       |     2 ||     2
  Use: Scroll            |       |     9 ||     9
       Potion            |       |     2 ||     2
 Stab: Sleeping          |     1 |     1 ||     2
       Distracted        |       |     2 ||     2
       Invisible         |       |     2 ||     2
Armor: Robe              |    50 |   108 ||   158
Dodge: Dodged            |    85 |   176 ||   261

Table legend: (Time is in decaauts)
 A = Elapsed time spent in this place.
 B = Non-inter-level travel time spent in this place.
 C = Inter-level travel time spent in this place.
 D = Time resting spent in this place.
 E = Time spent auto-exploring this place.
 F = Levels seen in this place.
 G = Mean time per level.
                   A        B        C        D        E       F      G
               +--------+--------+--------+--------+--------+-----+--------+
         Total |   3411 |   3243 |    168 |     37 |   2149 |   6 |  568.5 |
       Dungeon |   2927 |   2759 |    168 |     37 |   1881 |   5 |  585.4 |
         Sewer |    483 |    483 |      0 |      0 |    268 |   1 |  483.0 |
               +--------+--------+--------+--------+--------+-----+--------+

Top non-repeatable levels by time:
     D:4: 1079 daAuts
     D:2: 861 daAuts
     D:1: 510 daAuts
   Sewer: 483 daAuts
     D:3: 467 daAuts
     D:5: 9 daAuts
